 Dungeon Crawl Stone Soup version 0.22-a0-542-gce4f928 (webtiles) character file.

154 iamserjio the Insei (level 5, -2/69 HPs)
             Began as a Draconian Monk on June 24, 2018.
             Was a Believer of Cheibriados.
             Slain by a gnoll
             ... wielding a +0 spear
              (8 damage)
             ... on level 4 of the Dungeon.
             The game lasted 00:05:40 (765 turns).

iamserjio the Insei (Draconian Monk)                 Turns: 765, Time: 00:05:41

Health: -2/69      AC:  5    Str: 23    XL:     5   Next: 13%
Magic:  5/5        EV: 13    Int: 16    God:    Cheibriados [**....]
Gold:   71         SH:  0    Dex: 19    Spells: 4/4 levels left

rFire    + . .     SeeInvis .     - Unarmed
rCold    . . .     Gourm    .   (no shield)
rNeg     . . .     Faith    .   (armour unavailable)
rPois    .         Spirit   .   (helmet restricted)
rElec    .         Reflect  .   (no cloak)
rCorr    .         Harm     .   (no gloves)
MR       .....                  (no boots)
Stlth    ..........             (no amulet)
HPRegen  0.21/turn              g - ring of protection from fire
MPRegen  0.09/turn              (no ring)

@: berserking, very slow
A: unfitting armour, cold-blooded, AC +5
a: Bend Time, Renounce Religion


You were on level 4 of the Dungeon.
You worshipped Cheibriados.
Cheibriados was pleased with you.
You were not hungry.

You visited 1 branch of the dungeon, and saw 4 of its levels.

You collected 71 gold pieces.

Inventory:

Missiles
 f - 24 poisoned needles
 n - 6 silver javelins (quivered)
Jewellery
 g - a ring of protection from fire (left hand)
Wands
 c - a wand of flame (27)
 j - a wand of digging (13)
Scrolls
 b - a scroll of immolation {unknown}
 d - a scroll of identify {unknown}
 h - a scroll of noise {unknown}
 i - a scroll of remove curse {unknown}
 l - a scroll of magic mapping {unknown}
 m - a scroll of blinking {unknown}
Potions
 k - a potion of curing {@q1}
Comestibles
 a - 3 rations


   Skills:
 - Level 4.2 Fighting
 - Level 2.6 Dodging
 - Level 1.7 Stealth
 + Level 5.3 Unarmed Combat


You had 4 spell levels left.
You didn't know any spells.
Your spell library was empty.

Dungeon Overview and Level Annotations

Branches:
Dungeon (4/15)
 Temple: D:4-7

Altars:
Cheibriados
Dithmenos
Elyvilon
Kikubaaqudgha
Okawaru
Uskayaw
The Shining One


Innate Abilities, Weirdness & Mutations

Your plain brown scales are hard. (AC +5)
You cannot fit into any form of body armour.
You are cold-blooded and may be slowed by cold attacks.


Message History

You closely miss the gnoll.
You kill the gnoll!
Cheibriados appreciates the change of pace.
You have reached level 5!
The gnoll barely misses you.
You punch the gnoll!
You kill the gnoll!
Cheibriados thoroughly appreciates the change of pace.
The gnoll closely misses you. The gnoll hits you but does no damage.
The gnoll closely misses you. The gnoll hits you.
* * * LOW HITPOINT WARNING * * *
The gnoll hits you with a spear.
* * * LOW HITPOINT WARNING * * *
Items here: )) †† a flail; a whip; a gnoll corpse x2
You closely miss the gnoll. The gnoll hits you but does no damage.
A hound comes into view.
The gnoll hits you with a spear!
You die...

.. #..........# .h#######
#..........# ........#
#...†......# ........#
#.....####### ........#
#....##_..._# ......?.#
#....## #'# #
........##......###.## #.
.......$#.#..........# .
#.##+######@##......†...#
.). ...#....gg............#
###..#.#.#######.##.....###
............# #.##.....#
.......g....####'##†....#
...................######
.....g..#######....#########
......>g# #...<...'.†......
........# #.#.....#########


You could see a hound (wandering) and 2 gnolls.

Vanquished Creatures
  A hound (D:4)
  Terence (D:2)
  A centaur skeleton (D:4)
  A worker ant (D:4)
  2 gnolls (D:4)
  A dart slug (D:3)
  2 leopard geckos
  A bat (D:3)
  3 bat zombies (D:2)
  3 giant cockroaches
  4 goblins
  2 hobgoblins (D:1)
  A quokka (D:2)
  2 frilled lizards
  2 kobolds (D:2)
  A rat (D:2)
28 creatures vanquished.

Notes
Turn   | Place    | Note
-------+----------+-------------------------------------------
     0 | D:1      | iamserjio the Draconian Monk began the quest for the Orb.
     0 | D:1      | Reached XP level 1. HP: 19/19 MP: 1/1
   122 | D:1      | Reached XP level 2. HP: 5/26 MP: 2/2
   242 | D:2      | Found an ancient bone altar of Kikubaaqudgha.
   336 | D:2      | Noticed Terence
   356 | D:2      | Killed Terence
   356 | D:2      | Reached XP level 3. HP: 8/33 MP: 3/3
   492 | D:3      | Found a white marble altar of Elyvilon.
   492 | D:3      | Found a shadowy altar of Dithmenos.
   571 | D:3      | Found a snail-covered altar of Cheibriados.
   575 | D:3      | Became a worshipper of Cheibriados the Contemplative
   575 | D:3      | Reached * piety under Cheibriados
   575 | D:3      | Reached ** piety under Cheibriados
   615 | D:3      | Found a glowing golden altar of the Shining One.
   622 | D:3      | Reached skill level 4 in Unarmed Combat
   678 | D:4      | Reached XP level 4. HP: 40/40 MP: 4/4
   705 | D:4      | Found a hide-covered altar of Uskayaw.
   705 | D:4      | Found an iron altar of Okawaru.
   712 | D:4      | Reached skill level 5 in Unarmed Combat
   762 | D:4      | Reached XP level 5. HP: 11/46 MP: 5/5
   765 | D:4      | Slain by a gnoll

Vault maps used:
D:1:      dpeg_arrival_pits, serial_forest, infiniplex_forest_lined_4_way,
          infiniplex_forest_join, infiniplex_forest_fountain,
          infiniplex_forest_lined_room_2, infiniplex_forest_fountain,
          infiniplex_forest_lined_room_, hangedman_feature_mirror,
          roderic_filled_cross
D:2:      lemuel_zombie_altar_kikubaaqudgha, first_ration, moated_statue,
          uniq_terence
D:3:      tso_altar, old_standard_altar, gammafunk_temple_overflow_pools,
          grunt_temple_overflow_diamond, chequers_ecumenical_altar_simple
D:4:      gammafunk_temple_overflow_elements, fedhas_altar_fruit_tree,
          uniq_edmund

Skill      XL: |  1  2  3  4 |
---------------+-------------+-----
Fighting       | 4 |  4.2
Unarmed Combat | 4 5 |  5.3
Dodging        | |  2.6
Stealth        | |  1.7

Action                   |  1- 3 |  4- 6 || total
-------------------------+-------+-------++-------
Melee: Unarmed           |    93 |    25 ||   118
       Punch             |     2 |     1 ||     3
       Tailslap          |     9 |     5 ||    14
Evoke: Wand              |     3 |     1 ||     4
  Use: Potion            |       |     2 ||     2
 Stab: Sleeping          |     4 |       ||     4
Armor: Skin              |    16 |     6 ||    22
Dodge: Dodged            |    55 |    19 ||    74

Table legend:
 A = Spawn XP
 B = Non-spawn XP
 C = Spawn XP percentage of total XP
 D = Spawn monster count
 E = Non-spawn monster count
 F = Spawn count percentage of total count
 G = Total turns spent on level
                    A         B        C        D         E        F      G
               +---------+---------+-------+---------+---------+-------+---------
         Total |       0 |     221 |   0.0 |       0 |      28 |   0.0 |   765
               +---------+---------+-------+---------+---------+-------+---------
           D:1 |       0 |       7 |   0.0 |       0 |       4 |   0.0 |   117
           D:2 |       0 |      58 |   0.0 |       0 |      12 |   0.0 |   318
           D:3 |       0 |       9 |   0.0 |       0 |       4 |   0.0 |   210
           D:4 |       0 |     147 |   0.0 |       0 |       8 |   0.0 |   120
               +---------+---------+-------+---------+---------+-------+---------
